 Dungeon Crawl Stone Soup version 0.27-a0-1532-gca18f49f40 (webtiles) character file.

Game seed: 8859779515693835432

14475 quinnr the Stormcaller (level 12, -1/72 HPs)
             Began as a Tengu Air Elementalist on July 12, 2021.
             Was a Believer of Vehumet.
             Slain by a seven-headed hydra (12 damage)
             ... on level 11 of the Dungeon.
             The game lasted 00:49:50 (18436 turns).

quinnr the Stormcaller (Tengu Air Elementalist)    Turns: 18436, Time: 00:49:51

Health: -1/72      AC:  7    Str: 10    XL:     12   Next: 16%
Magic:  1/20       EV: 20    Int: 19    God:    Vehumet [**....]
Gold:   222        SH:  0    Dex: 22    Spells: 6/21 levels left

rFire    + . .     SeeInvis +   F - staff of fire
rCold    . . .     Faith    .   (no shield)
rNeg     . . .     Spirit   .   u - +2 robe {Archmagi}
rPois    +         Reflect  .   (helmet restricted)
rElec    .         Harm     .   E - +1 cloak {Stlth+}
rCorr    .         Rampage  .   b - +0 pair of gloves
Will     +....     Archmagi +   (boots unavailable)
Stlth    ++++......             f - amulet of regeneration
HPRegen  1.22/turn              w - ring of Conformity {Drain rPois Will+ Dex+7 SInv}
MPRegen  0.17/turn              y - ring of wizardry

@: flying quickly and evasively, quick
A: beak, talons 3, nimble flight
a: Renounce Religion


You were on level 11 of the Dungeon.
You worshipped Vehumet.
Vehumet was pleased with you.
You visited 2 branches of the dungeon, and saw 12 of its levels.

You collected 724 gold pieces.
You spent 502 gold pieces at shops.

Inventory:

Hand Weapons
 m - a +2 rapier of draining
Missiles
 s - 2 boomerangs of dispersal
 v - 33 poisoned darts
 K - a curare-tipped dart
Armour
 a - a +0 robe
 b - a +0 pair of gloves (worn)
 e - a scarf of invisibility
 u - a +2 robe of the Archmagi (worn)
 E - a +1 cloak of stealth (worn)
Magical Staves
 F - a staff of fire (weapon)
 G - a staff of poison
Jewellery
 f - an amulet of regeneration (around neck)
 p - a +6 ring of dexterity
 w - the ring of Conformity (left hand) {Drain rPois Will+ Dex+7 SInv}
   (You took it off a wight on level 8 of the Dungeon)

   [ring of willpower]

   Dex:       It affects your dexterity (+7).
   rPois:     It protects you from poison.
   SInv:      It lets you see invisible.
   Drain:     It drains your maximum health when unequipped.
   Will:      It increases your willpower.
 y - a ring of wizardry (right hand)
 B - a ring of willpower
 D - a ring of wizardry
Wands
 t - a wand of flame (51)
 A - a wand of polymorph (11)
 I - a wand of charming (18)
Scrolls
 g - 5 scrolls of vulnerability
 i - 4 scrolls of teleportation
 j - a scroll of fear
 l - 3 scrolls of magic mapping
 n - a scroll of blinking {unknown}
 r - 2 scrolls of amnesia
 x - 2 scrolls of summoning
 C - 2 scrolls of identify
Potions
 c - a potion of cancellation {unknown}
 d - 8 potions of curing
 h - 4 potions of mutation
 k - a potion of magic
 o - a potion of haste
 q - 2 potions of ambrosia
 z - a potion of attraction
 H - 3 potions of brilliance
 J - a potion of degeneration {unknown}
 L - a potion of heal wounds {unknown}


   Skills:
 - Level 7.0 Fighting
 - Level 7.0 Dodging
 - Level 4.0 Stealth
 - Level 5.0 Spellcasting
 - Level 8.0 Conjurations
 - Level 4.0 Summonings
 + Level 17.6 Air Magic


You had 6 spell levels left.
You knew the following spells:

 Your Spells              Type           Power      Damage    Failure   Level
a - Shock                 Conj/Air       100%       1d9       1%          1
b - Airstrike             Air            41%        N/A       1%          4
c - Summon Lightning Spi  Summ/Air       62%        N/A       1%          4
d - Lightning Bolt        Conj/Air       34%        1d52      1%          5
e - Apportation           Tloc           14%        N/A       4%          1

Your spell library contained the following spells:

 Spells                   Type           Power      Damage    Failure   Level
 Searing Ray              Conj           100%       3d7       1%          2
 Static Discharge         Conj/Air       69%        N/A       1%          2
 Swiftness                Air            82%        N/A       1%          3
 Call Canine Familiar     Summ           29%        N/A       2%          3
 Hailstorm                Conj/Ice       29%        3d8       10%         4
 Ozocubu's Armour         Ice            7%         N/A       16%         3
 Portal Projectile        Hex/Tloc       14%        N/A       16%         3
 Animate Dead             Necr           3%         N/A       43%         4
 Ice Form                 Ice/Tmut       7%         N/A       43%         4
 Leda's Liquefaction      Hex/Erth       3%         N/A       43%         4
 Alistair's Intoxication  Tmut/Pois      4%         N/A       77%         5
 Borgnjor's Vile Clutch   Necr/Erth      3%         N/A       77%         5
 Death Channel            Necr           3%         N/A       99%         6
 Invisibility             Hex            3%         N/A       99%         6
 Simulacrum               Ice/Necr       3%         N/A       99%         6
 Ozocubu's Refrigeration  Ice            3%         4d5       100%        7


Dungeon Overview and Level Annotations

Branches:
Dungeon (11/15)            Temple (1/1) D:7            Lair (0/6) D:8
    Orc (0/2) D:10

Altars:
Ashenzari
Cheibriados
Dithmenos
Kikubaaqudgha
Makhleb
Nemelex Xobeh
Okawaru
Sif Muna
Trog
Vehumet
Wu Jian
Xom
Yredelemnul
Zin

Shops:
D:2 *   D:6 ?   D:8 [[   D:9 (

Annotations:
D:7 exclusion: orange crystal statue
D:10 exclusion: orange crystal statue


Innate Abilities, Weirdness & Mutations

You have a beak for a mouth.
You have claws for feet.
Your magical nature lets you fly swiftly and evasively.


Message History

The seven-headed hydra barely misses you. x2
The seven-headed hydra completely misses you.
The seven-headed hydra bites you.
Unknown command.
Unknown command.
Casting: Lightning Bolt (dangerous; 1% risk of failure)
Confirm with . or Enter, or press ? or * to list all spells.
Aiming: Lightning Bolt (dangerous; 1% risk of failure)
Press: ? - help, Shift-Dir - straight line You feel a surge of power!
You hear a mighty clap of thunder!
The bolt of lightning hits the seven-headed hydra!!
The seven-headed hydra is almost dead.
The bolt of lightning hits your lightning spire.
Your lightning spire completely resists.
The seven-headed hydra bites you. The seven-headed hydra bites you!
The seven-headed hydra bites you.
* * * LOW HITPOINT WARNING * * *
The seven-headed hydra bites you but does no damage.
The seven-headed hydra barely misses you.
The seven-headed hydra misses you. The seven-headed hydra bites you!
* * * LOW HITPOINT WARNING * * *
Unknown command.
Unknown command.
Unknown command.
Unknown command.
Unknown command.
Okay, then.
Aiming: Charm
Press: ? - help, Shift-Dir - straight line, f - seven-headed hydra
Aim: a seven-headed hydra (almost dead, ally target, chance to affect: 15%)
Okay, then.
Unknown command.
Okay, then.
As you read the scroll of fear, it crumbles to dust.
You assume a fearsome visage.
The seven-headed hydra resists with almost no effort.
The seven-headed hydra bites you but does no damage.
The seven-headed hydra bites you!
You die...

.#. >. #.##
##...# #..#.#
#######....####
........<.....+
#@D8.# #.#.##
#.# # #.#####
#.....# #+#
#####.# #.# #.#
#.# ###.###
##.## #.....#
##...##


You could see a seven-headed hydra (ally target) and a friendly lightning spire
(summoned).

Vanquished Creatures
  A death knight (D:9)
  2 two-headed ogres
  3 cyclopes
  A kobold demonologist (D:10)
  A tengu conjurer (D:9)
  A hornet (D:9)
  A meliai zombie (D:11)
  A wraith (D:10)
  A wyvern (D:9)
  4 yaks
  A steam dragon (D:8)
  A vampire mosquito (D:8)
  2 water moccasins (D:6)
  A warg (D:10)
  An acid dragon (D:8)
  2 orc warriors
  2 ice beasts
  2 sky beasts
  A necrophage (D:4)
  2 ogres
  A phantom (D:7)
  2 centaurs
  A kobold brigand (D:8)
  5 bullfrogs
  2 gnoll sergeants
  5 scorpions
  A water moccasin zombie (D:4)
  A water moccasin skeleton (D:6)
  5 killer bees (D:5)
  A howler monkey (D:11)
  6 centaur zombies
  5 orc priests
  3 bullfrog zombies
  2 bullfrog skeletons
  4 hounds
  A jelly (D:5)
  A gnoll shaman (D:7)
  3 iguanas
  9 orc wizards
  A scorpion zombie (D:4)
  3 hound zombies (D:4)
  2 hound skeletons
  A howler monkey zombie (D:5)
  12 gnolls
  4 adders
  A shadow imp (D:6)
  2 ufetubi
  An adder skeleton (D:4)
  3 adder zombies (D:4)
  A worm (D:4)
  7 dart slugs
  26 orcs
  8 endoplasms
  2 giant cockroaches
  5 goblins
  8 hobgoblins
  10 jackals
  12 kobolds
  6 quokkas
  2 ball pythons
  2 bats
  4 frilled lizards
  A quokka zombie (D:4)
  6 rats
219 creatures vanquished.

Vanquished Creatures (collateral kills)
  A rakshasa (D:11)
  A hydra (D:9)
  2 two-headed ogres
  The ghost of wesbby the Grappler, a novice TrBe of Trog (D:7)
  5 ugly things
  A hornet (D:9)
  A wyvern (D:11)
  2 wraiths
  4 yaks
  The ghost of dickylongcocking the Magician, an amateur DjWz (D:4)
  2 wargs (D:10)
  4 orc warriors (D:10)
  A necrophage (D:8)
  2 black bears (D:8)
  A kobold brigand (D:10)
  A bullfrog (D:8)
  4 wights (D:8)
  5 howler monkeys
  2 lava snakes (D:9)
  A killer bee zombie (D:9)
  3 orcs (D:10)
  4 kobolds
49 creatures vanquished.

Vanquished Creatures (others)
  13 fungi (D:8)
  16 plants
  4 withered plants (D:4)
33 creatures vanquished.

Grand Total: 301 creatures vanquished

Notes
Turn   | Place    | Note
-------+----------+-------------------------------------------
     0 | D:1      | quinnr the Tengu Air Elementalist began the quest for the
                  | Orb.
     0 | D:1      | Reached XP level 1. HP: 10/10 MP: 4/4
   286 | D:1      | Reached XP level 2. HP: 15/15 MP: 1/6
   472 | D:1      | Reached skill level 5 in Air Magic
   596 | D:1      | Found a faded altar of an unknown god.
   802 | D:1      | Reached XP level 3. HP: 19/19 MP: 1/7
  1480 | D:1      | Reached skill level 6 in Air Magic
  1718 | D:2      | Reached XP level 4. HP: 24/24 MP: 4/8
  1772 | D:2      | Learned a level 4 spell: Summon Lightning Spire
  1968 | D:2      | Found Ochezaar's Assorted Antiques.
  2002 | D:2      | Bought a scroll labelled UZXEINNEZXA for 22 gold pieces
  2002 | D:2      | Bought a scroll labelled QOIRCH YLYLUCRUT for 22 gold
                  | pieces
  3017 | D:3      | quinnr: ??dex
  3017 | D:3      | beem: dex[1/1]: Increases {accuracy} slightly, chance of
                  | stabbing distracted mons and stealth as well. Plays a
                  | significant role in EV if you have {dodging} skill. Boosts
                  | ability to shield-block, especially for bucklers, less for
                  | large shields.
  3017 | D:3      | quinnr: ??accuracy
  3017 | D:3      | beem: to hit[1/6]: The ability to hit things and not miss
                  | them. For players: see {accuracy[2]} for player accuracy
                  | and {accuracy[3]} for monster accuracy. The value used is
                  | called mhit, and {test_hit} actually decides if a hit
                  | occurs based on that value.
  3017 | D:3      | quinnr: ??accuracy[2
  3017 | D:3      | beem: to hit[2/6]: mhit is random2(15 + dex/2 +
                  | random2(fighting+1) + random2(weapon skill+1) + weapon
                  | enchantment + weapon base accuracy + slaying - 3 if
                  | starving - 1d({aevp}) – 1d({asp}) - 5 if vertigo + 3/5/7
                  | for eyes mut) - 6 vs invisible targets - 5 if inaccuracy
  3017 | D:3      | quinnr: ??accuracy[3
  3017 | D:3      | beem: to hit[3/6]: monster mhit is random2(1 + 18 + HD*3/2,
                  | +HD if the monster has fighter (or archer for ranged
                  | weapons), + weapon base accuracy + slaying * 65% against
                  | invisible targets). This roll also handles the modifiers in
                  | {accuracy[4]} before rolling (i.e. monsters actually get
                  | half these modifiers). See:
                  | https://anydice.com/program/18921
  3017 | D:3      | quinnr: ??accuracy[4
  3017 | D:3      | beem: to hit[4/6]: Everyone gets -5 from amulets of
                  | inaccuracy, + 1 + 1d8 against backlit targets (corona,
                  | halo, etc.), - 1 – 1d4 against targets in umbra
  3017 | D:3      | quinnr: ??accuracy[5
  3017 | D:3      | beem: spell accuracy[1/1]: Determined by spell power, just
                  | like damage. Not affected by slaying, but affected by
                  | amulet of inaccuracy. For hit chance vs monster EV at a
                  | given spell power for a range of spells, see
                  | https://anydice.com/program/17f2e
  3333 | D:4      | quinnr: ??spear
  3333 | D:4      | beem: spear[1/1]: (polearms; +4 acc / 6 dam / 1.1 base
                  | delay / 0.5 min delay). A hunting weapon consisting of a
                  | wooden shaft with a pointed metal head fastened on one end.
  3491 | D:3      | Gained mutation: Your magical nature lets you fly swiftly
                  | and evasively. [Tengu growth]
  3491 | D:3      | Reached XP level 5. HP: 21/28 MP: 4/9
  3632 | D:4      | Reached skill level 7 in Air Magic
  3663 | D:3      | Learned a level 4 spell: Airstrike
  3864 | D:4      | Noticed an ice beast
  3874 | D:4      | Killed an ice beast
  3875 | D:4      | Reached XP level 6. HP: 32/32 MP: 6/12
  4021 | D:4      | Reached skill level 8 in Air Magic
  4088 | D:4      | Identified the +2 ring mail of Deseomal {*Slow rElec rC++
                  | Int+4}
  4356 | D:4      | Noticed a necrophage
  4463 | D:4      | Reached XP level 7. HP: 36/36 MP: 1/14
  4528 | D:4      | Reached skill level 9 in Air Magic
  4996 | D:4      | Reached skill level 10 in Air Magic
  5263 | D:4      | Reached XP level 8. HP: 41/41 MP: 13/15
  5272 | D:4      | Reached skill level 11 in Air Magic
  5556 | D:4      | Found a runed translucent door.
  5556 | D:4      | Noticed dickylongcocking's ghost (amateur DjWz)
  5718 | D:4      | Killed dickylongcocking's ghost
  5834 | D:2      | Bought a bubbling purple potion for 19 gold pieces
  5834 | D:2      | Bought a bubbling purple potion for 19 gold pieces
  5834 | D:2      | Bought a bubbling black potion for 19 gold pieces
  5860 | D:5      | Entered Level 5 of the Dungeon
  6272 | D:5      | Reached skill level 12 in Air Magic
  6412 | D:5      | Learned a level 5 spell: Lightning Bolt
  6596 | D:5      | Reached skill level 1 in Fighting
  6917 | D:5      | Reached XP level 9. HP: 8/48 MP: 6/16
  7548 | D:6      | Found a shimmering altar of Xom.
  8030 | D:6      | Reached skill level 5 in Spellcasting
  8376 | D:6      | Found Sankeoq's Magic Scroll Emporium.
  8398 | D:6      | Reached skill level 13 in Air Magic
  8487 | D:6      | Bought a scroll of fear for 45 gold pieces
  8487 | D:6      | Bought a scroll of identify for 26 gold pieces
  8487 | D:6      | Bought a scroll of identify for 26 gold pieces
  8487 | D:6      | Bought a scroll of summoning for 123 gold pieces
  8987 | D:7      | Reached skill level 14 in Air Magic
  9116 | D:7      | Found a broken altar of Ashenzari.
  9222 | D:7      | Found a runed translucent door.
  9223 | D:7      | Noticed wesbby's ghost (novice TrBe)
  9240 | D:7      | Killed wesbby's ghost
  9241 | D:7      | Reached XP level 10. HP: 20/56 MP: 2/18
  9429 | D:7      | Reached skill level 15 in Air Magic
  9803 | D:7      | Found a staircase to the Ecumenical Temple.
  9866 | Temple   | Entered the Ecumenical Temple
  9901 | Temple   | Became a worshipper of Vehumet
 10090 | D:7      | Noticed an orange crystal statue
 10770 | D:7      | Found a broken altar of Ashenzari.
 11126 | D:7      | Found a staircase to the Ecumenical Temple.
 11382 | D:8      | Found Irrar's Armour Shoppe.
 11389 | D:8      | Found a burning altar of Makhleb.
 11807 | D:8      | Noticed a two-headed ogre
 11816 | D:8      | Killed a two-headed ogre
 11941 | D:8      | Reached skill level 5 in Conjurations
 12058 | D:8      | Noticed a brown ugly thing
 12230 | D:8      | Identified the ring of Conformity {Drain rPois Will+ Dex+7
                  | SInv}
 12411 | D:8      | Found Icote's Antique Armour Shoppe.
 12481 | D:8      | Found a staircase to the Lair.
 12861 | D:8      | Noticed a white ugly thing
 12868 | D:8      | Killed a white ugly thing
 12968 | D:8      | Noticed a cyclops
 13198 | D:9      | Found Sipluor's Weapon Shoppe.
 13269 | D:9      | Noticed a two-headed ogre
 13277 | D:9      | Killed a two-headed ogre
 13447 | D:9      | Reached XP level 11. HP: 61/61 MP: 2/19
 13542 | D:9      | Noticed a death knight
 13549 | D:9      | Killed a death knight
 13550 | D:9      | Reached skill level 5 in Dodging
 13651 | D:8      | Bought a +1 cloak of stealth for 181 gold pieces
 13670 | D:8      | Upgraded the game from 0.27-a0-1529-g1e82c303ef to
                  | 0.27-a0-1532-gca18f49f40
 13690 | D:8      | Killed a cyclops
 13800 | D:9      | Noticed an eight-headed hydra
 13807 | D:9      | Killed an eight-headed hydra
 13974 | D:8      | Killed a brown ugly thing
 14455 | D:9      | Noticed a brown ugly thing
 14460 | D:9      | Noticed a purple ugly thing
 14466 | D:9      | Noticed a white ugly thing
 14484 | D:9      | Killed a brown ugly thing
 14485 | D:9      | Reached skill level 5 in Fighting
 14613 | D:9      | Killed a brown ugly thing
 14900 | D:9      | Killed a white ugly thing
 14901 | D:9      | Reached skill level 16 in Air Magic
 15445 | D:9      | Noticed a cyclops
 15454 | D:9      | Killed a cyclops
 15780 | D:10     | Entered Level 10 of the Dungeon
 16049 | D:10     | Found a staircase to the Orcish Mines.
 16073 | D:10     | Reached * piety under Vehumet
 16073 | D:10     | Offered knowledge of Sandblast by Vehumet.
 16319 | D:10     | Noticed an orange crystal statue
 16357 | D:10     | Learned a level 1 spell: Apportation
 16369 | D:10     | Found an ancient bone altar of Kikubaaqudgha.
 16815 | D:10     | Noticed a two-headed ogre
 16823 | D:10     | Killed a two-headed ogre
 17059 | D:10     | Noticed a two-headed ogre
 17067 | D:10     | Killed a two-headed ogre
 17068 | D:10     | Reached skill level 17 in Air Magic
 17068 | D:10     | Reached XP level 12. HP: 72/72 MP: 10/20
 17697 | D:10     | Noticed a two-headed ogre
 18147 | D:11     | Noticed a rakshasa
 18153 | D:11     | Killed a rakshasa
 18153 | D:11     | Offered knowledge of Searing Ray by Vehumet.
 18297 | D:11     | Reached ** piety under Vehumet
 18431 | D:11     | Noticed a seven-headed hydra
 18436 | D:11     | Slain by a seven-headed hydra

Illustrated notes

Levels and vault maps discovered:
D:1:      dpeg_arrival_water_temple_mockup, layout_loops_ring,
          hellmonk_ecumenical_altar_pennies_from_heaven, minmay_misc_feat_square
D:2:      layout_rooms, serial_shops, nicolae_shop_overgrown_old_shop,
          kennysheep_generic_room_15
D:3:      layout_loops_ring, hangedman_decor_slide_cut, bh_walls_and_bars
D:4:      layout_loops_ring, serial_undead, serial_undead_d, serial_undead_e,
          serial_undead_e, serial_undead_a, serial_undead_e, serial_undead_d,
          gammafunk_ghost_grave, minmay_crystal_room, minmay_surrounded
D:5:      layout_loops_ring
D:6:      layout_cave_pods, mainiacjoe_overflow_tiny_flanked, serial_shops,
          shop_scrolls
D:7:      statuecave_lemuel, layout_rooms, mainiacjoe_overflow_alcove_1,
          temple_green, ebering_ghost_reflecting_pool
D:8:      layout_gridville, bloody_makhleb, grunt_lair_entry_orc_guard_hut,
          serial_shops, shop, nicolae_shop_trees, minmay_diamond_spiral
D:9:      minmay_the_grid_triangle_9x9_recursive_2_mashed
          [minmay_the_grid_triangle_9x9_prize_top_heavy,
          minmay_the_grid_triangle_9x9_descending_squares,
          minmay_the_grid_triangle_9x9_stretched_checkered,
          minmay_the_grid_triangle_9x9_swiss_cheese], layout_stronghold,
          serial_shops, nicolae_inconvenience_store, roderic_cross_of_infinity
D:10:     layout_roguey, lemuel_doored_altar, david_orc_1_choice, minivault_16,
          kennysheep_generic_room_12
D:11:     layout_loops_corners, gammafunk_ghost_wrathful_warriors,
          nicolae_uskayaw_en_pointe
Temple:   regret_index_temple_mists

Skill      XL: |  1  2  3  4  5  6  7  8  9 10 11 |
---------------+----------------------------------+-----
Air Magic      | 5 6 7 8 10 12 14 15 17 | 17.6
Spellcasting   | 3 4 5 |  5.0
Dodging        | 3 4 7 |  7.0
Fighting       | 1 4 7 |  7.0
Stealth        | 3 4 |  4.0
Conjurations   | 8 |  8.0
Summonings     | 3 4 |  4.0

Action                   |  1- 3 |  4- 6 |  7- 9 | 10-12 || total
-------------------------+-------+-------+-------+-------++-------
Melee: Unarmed           |     7 |       |       |       ||     7
       Peck              |     2 |     6 |    17 |     4 ||    29
       Kick              |     1 |    12 |    24 |     7 ||    44
       Rapier            |       |    31 |    78 |    10 ||   119
       Staff             |       |       |       |    10 ||    10
Throw: Boomerang         |       |       |       |     2 ||     2
 Cast: Shock             |    72 |   125 |   129 |   155 ||   481
       Summon Lightning  |       |     1 |     2 |    57 ||    60
       Airstrike         |       |     4 |    62 |   102 ||   168
       Lightning Bolt    |       |       |       |    12 ||    12
       Apportation       |       |       |       |    10 ||    10
Evoke: Wand              |       |       |       |     1 ||     1
  Use: Scroll            |       |     7 |     4 |     5 ||    16
       Potion            |       |     2 |     2 |       ||     4
 Stab: Distracted        |       |       |     1 |       ||     1
Armor: Robe              |     4 |    12 |    22 |    15 ||    53
       Skin              |       |       |     2 |       ||     2
Dodge: Dodged            |     7 |    38 |   107 |    63 ||   215

Table legend: (Time is in decaauts)
 A = Elapsed time spent in this place.
 B = Non-inter-level travel time spent in this place.
 C = Inter-level travel time spent in this place.
 D = Time resting spent in this place.
 E = Time spent auto-exploring this place.
 F = Levels seen in this place.
 G = Mean time per level.
                   A        B        C        D        E       F      G
               +--------+--------+--------+--------+--------+-----+--------+
         Total |  17866 |  17121 |    745 |   3350 |  11768 |  12 | 1488.8 |
       Dungeon |  17819 |  17099 |    720 |   3350 |  11747 |  11 | 1619.9 |
        Temple |     46 |     22 |     24 |      0 |     20 |   1 |   46.0 |
               +--------+--------+--------+--------+--------+-----+--------+

Top non-repeatable levels by time:
     D:8: 2571 daAuts
     D:7: 2253 daAuts
     D:4: 1939 daAuts
     D:9: 1831 daAuts
    D:10: 1752 daAuts
     D:1: 1632 daAuts
     D:6: 1486 daAuts
     D:5: 1473 daAuts
     D:3: 1465 daAuts
     D:2: 825 daAuts
    D:11: 588 daAuts
  Temple: 46 daAuts
